 Dungeon Crawl Stone Soup version 0.29.0-7-g18a832c13a (webtiles) character file.

Game seed: 16264594286138938296

112 Destapler the Insei (level 4, 0/36 HPs)
             Began as a Demigod Transmuter on Aug 30, 2022.
             Killed from afar by Terence (13 damage)
             ... with a puff of flame
             ... on level 2 of the Dungeon.
             The game lasted 00:03:56 (2084 turns).

Destapler the Insei (Demigod Transmuter)            Turns: 2084, Time: 00:03:56

Health: 0/36       AC:  4    Str: 11    XL:     4   Next: 37%
Magic:  10/10      EV: 12    Int: 19    God:
Gold:   84         SH:  0    Dex: 14    Spells: 6/7 levels left

rFire   . . .      SeeInvis .     - Unarmed
rCold   . . .      Faith    .   (no shield)
rNeg    . . .      Spirit   .   h - +1 leather armour
rPois   .          Reflect  .   (no helmet)
rElec   .          Harm     .   (no cloak)
rCorr   .          Rampage  .   (no gloves)
Will    .....                   (no boots)
Stlth   ++........              (no amulet)
HPRegen 0.12/turn               (no ring)
MPRegen 0.12/turn               (no ring)

@: no status effects
A: high MP 1, forlorn, divine attributes
a: no special abilities


You were on level 2 of the Dungeon.
You visited 1 branch of the dungeon, and saw 2 of its levels.

You collected 84 gold pieces.

Inventory:

Hand Weapons
 i - a +2 dagger of venom
Armour
 a - a +0 robe
 h - a +1 leather armour (worn)
Scrolls
 d - a scroll of teleportation
Potions
 b - a potion of lignification
 c - 2 potions of degeneration {unknown}
 e - a potion of curing
 f - a potion of magic
 g - 2 potions of heal wounds {unknown}


   Skills:
 + Level 1.9 Fighting
 + Level 1.3 Armour
 - Level 2.0 Dodging
 + Level 1.4 Stealth
 - Level 3.0 Unarmed Combat
 + Level 2.3 Spellcasting
 + Level 2.4 Transmutations


You had 6 spell levels left.
You knew the following spells:

 Your Spells              Type           Power      Damage    Failure   Level
a - Beastly Appendage     Tmut           22%        N/A       9%          1

Your spell library contained the following spells:

 Spells                   Type           Power      Damage    Failure   Level
 Wereblood                Tmut           11%        N/A       12%         2
 Spider Form              Tmut/Pois      6%         N/A       36%         3
 Ice Form                 Ice/Tmut       6%         N/A       78%         4


Dungeon Overview and Level Annotations

Branches:
Dungeon (2/15)

Annotations:
D:2 Terence


Innate Abilities, Weirdness & Mutations

You have an increased reservoir of magic. (+10% MP)
You shall have no god before yourself.
Your divine heritage dramatically boosts your attributes as you level up.


Message History

The goblin hits you with a +0 dagger. Terence closely misses you.
You hit Terence but do no damage.
Terence is lightly wounded.
The goblin hits you but does no damage. Terence closely misses you.
You hit Terence.
Terence is moderately wounded.
The goblin completely misses you. Terence hits you but does no damage.
You closely miss Terence.
Terence is moderately wounded.
The goblin hits you but does no damage. Terence hits you with a +0 short sword.
* * * LOW HITPOINT WARNING * * *
You hit Terence but do no damage.
Terence is moderately wounded.
You barely miss Terence.
Terence is moderately wounded.
The goblin hits you but does no damage. Terence hits you but does no damage.
You closely miss the goblin.
The goblin is heavily wounded.
The goblin hits you but does no damage. Terence completely misses you.
You hit Terence but do no damage.
Terence is moderately wounded.
The goblin closely misses you. Terence closely misses you.
You barely miss the goblin.
The goblin is heavily wounded.
The goblin closely misses you. Terence barely misses you.
You hit Terence but do no damage.
Terence is moderately wounded.
The goblin closely misses you. Terence closely misses you.
You hit the goblin.
You kill the goblin!
Terence hits you with a +0 short sword.
* * * LOW HITPOINT WARNING * * *
You barely miss Terence.
Terence is moderately wounded.
Terence closely misses you. Terence hits you but does no damage.
Things that are here:
a +0 dagger; a goblin corpse Terence zaps a wand.
The puff of flame hits you!
You die...

..#
#................
###
#........##...##.
.
..............#...
.
.#........#.....##
. ................
#.
.......$......#.
..............#
........)@....#..
.........@.......
..............##.
..............#
..............#
.............#
##############


You could see Terence.

Vanquished Creatures
  Natasha (thrice) (D:2)
  An adder (D:2)
  A gnoll (D:1)
  2 bats
  An endoplasm (D:2)
  A goblin (D:2)
  2 hobgoblins
  2 kobolds
  A quokka (D:2)
  5 ball pythons
  3 rats (D:1)
22 creatures vanquished.

Notes
Turn   | Place    | Note
-------+----------+-------------------------------------------
     0 | D:1      | Destapler the Demigod Transmuter began the quest for the
                  | Orb.
     0 | D:1      | Reached XP level 1. HP: 15/15 MP: 5/5
   100 | D:1      | Reached skill level 1 in Fighting
   127 | D:1      | Reached XP level 2. HP: 23/23 MP: 5/7
  1244 | D:2      | Noticed Natasha
  1251 | D:2      | Killed Natasha
  1252 | D:2      | Reached skill level 3 in Unarmed Combat
  1252 | D:2      | Reached XP level 3. HP: 22/28 MP: 8/8
  1363 | D:2      | Reached skill level 1 in Stealth
  1367 | D:2      | Noticed Natasha
  1833 | D:2      | Killed Natasha
  1834 | D:2      | Reached skill level 1 in Armour
  1834 | D:2      | Reached XP level 4. HP: 19/36 MP: 8/10
  1842 | D:2      | Noticed Natasha
  1851 | D:2      | Killed Natasha
  2062 | D:2      | Noticed Terence
  2084 | D:2      | Killed from afar by Terence

Illustrated notes

Levels and vault maps discovered:
D:1:      dpeg_arrival_rooms_b, layout_basic
D:2:      layout_rooms, uniq_sigmund, uniq_terence, uniq_robin, uniq_natasha

Skill      XL: |  1  2  3 |
---------------+----------+-----
Fighting       | 1 |  1.9
Dodging        | 2 |  2.0
Transmutations | 2 |  2.4
Spellcasting   | 2 |  2.3
Unarmed Combat | 3 |  3.0
Stealth        | 1 |  1.4
Armour         | 1 |  1.3

Action                   |  1- 3 |  4- 6 || total
-------------------------+-------+-------++-------
Melee: Unarmed           |    55 |    23 ||    78
       Kick              |    10 |     3 ||    13
       Headbutt          |     9 |       ||     9
       Punch             |       |     1 ||     1
 Cast: Beastly Appendage |    16 |     1 ||    17
  Use: Potion            |     1 |       ||     1
       Scroll            |     3 |       ||     3
 Stab: Sleeping          |     2 |       ||     2
Armor: Leather armour    |     7 |     9 ||    16
       Robe              |     2 |       ||     2
Dodge: Dodged            |    39 |    16 ||    55
